 Dungeon Crawl Stone Soup version 0.30-a0-1008-g30c9307041 (webtiles) character file.

Game seed: 14264872366263432899

2607 Danienth the Trooper (level 9, -7/97 HPs)
             Began as a Demonspawn Gladiator on Apr 6, 2023.
             Was a Priest of Hepliaklqana.
             Mangled by Pikel
             ... wielding a +2 whip of electrocution
              (17 damage)
             ... on level 7 of the Dungeon.
             The game lasted 00:42:50 (4407 turns).

Danienth the Trooper (Demonspawn Gladiator)         Turns: 4407, Time: 00:42:50

Health: -7/97      AC: 24    Str: 24    XL:     9   Next: 33%
Magic:  11/11      EV:  2    Int: 10    God:    Hepliaklqana [***...]
Gold:   174        SH:  0    Dex: 15    Spells: 10/10 levels left

rFire   + . .      SeeInvis .    J - +0 falchion (freeze)
rCold   x . .      Faith    .    (no shield)
rNeg    . . .      Spirit   .    s - melded +1 scale mail {rPois}
rPois   +          Reflect  .    (helmet currently unavailable)
rElec   .          Rampage  .    u - melded +1 cloak
rCorr   .          NoTele   +    (gloves currently unavailable)
Will    .....                    (boots currently unavailable)
Stlth   ++                       (no amulet)
HPRegen 0.36/turn                n - ring of fire
MPRegen 0.12/turn                M - +6 ring of strength

@: tree-form
A: stationary, stasis, torment immunity, boosted hp, reduced essence, (horns 2),
powered by death 2, (spiny 3)
a: Renounce Religion, Recall Ancestor, Ancestor Identity, Transference


You were on level 7 of the Dungeon.
You worshipped Hepliaklqana.
Hepliaklqana was most pleased with you.
You were a tree.
You visited 2 branches of the dungeon, and saw 8 of its levels.

You collected 262 gold pieces.
You spent 88 gold pieces at shops.

Inventory:

Hand Weapons
 a - a +0 long sword
 f - a +1 short sword of venom
 m - a +2 dagger of venom
 t - a +2 quarterstaff of chaos
 J - a +0 falchion of freezing (weapon)
 K - a +2 heavy hand axe
 L - a +1 hand axe of pain
Missiles
 d - 4 throwing nets (quivered)
 e - a javelin
 r - 13 poisoned darts
Armour
 b - a +0 leather armour
 c - a +0 helmet
 s - a +1 scale mail of poison resistance (melded)
 u - a +1 cloak (melded)
Jewellery
 n - a ring of fire (left branch)
 M - a +6 ring of strength (right branch)
Wands
 h - a wand of quicksilver (7)
 A - a wand of paralysis (7)
Scrolls
 g - 2 scrolls of teleportation {unknown}
 i - 3 scrolls of amnesia {unknown}
 l - a scroll of torment {unknown}
 o - a scroll of fog {unknown}
 p - 3 scrolls of enchant armour {unknown}
 v - a scroll of noise {unknown}
 w - 3 scrolls of fear {unknown}
 y - a scroll of vulnerability {unknown}
 z - 2 scrolls of blinking {unknown}
 D - 6 scrolls of identify
 F - a scroll of magic mapping {unknown}
 G - a scroll of enchant weapon {unknown}
Potions
 j - 2 potions of degeneration
 k - 2 potions of attraction
 q - 2 potions of brilliance
 B - a potion of magic
 E - a potion of heal wounds {unknown}
 H - a potion of mutation {unknown}
 I - a potion of flight {unknown}


   Skills:
 + Level 7.7 Fighting
 - Level 4.4(5.1) Short Blades
 * Level 3.8(4.8) Long Blades
 + Level 5.2 Throwing
 + Level 1.5 Armour
 + Level 5.7 Dodging
 + Level 1.6 Stealth
 + Level 1.4 Spellcasting


You had 10 spell levels left.
You didn't know any spells.
Your spell library contained the following spells:

 Spells                   Type           Power      Damage    Failure   Level
 Sublimation of Blood     Necr           0%         N/A       45%         2
 Petrify                  Tmut/Erth      0%         N/A       97%         4
 Irradiate                Conj/Tmut      0%         3d11      100%        5
 Borgnjor's Revivificati  Necr           0%         N/A       100%        8
 Necromutation            Tmut/Necr      0%         N/A       100%        8
 Death's Door             Necr           0%         N/A       100%        9


Dungeon Overview and Level Annotations

Branches:
Dungeon (7/15)             Temple (1/1) D:5

Altars:
Cheibriados
Dithmenos
Fedhas
Gozag
Hepliaklqana
Kikubaaqudgha
Makhleb
Nemelex Xobeh
Okawaru
Qazlal
Ru
Trog
Vehumet
Wu Jian
Xom
Yredelemnul

Shops:
D:4 [*   D:5 ?   D:7 (

Annotations:
D:7 Pikel


Innate Abilities, Weirdness & Mutations

You are a tree.
Your roots penetrate the ground, keeping you stationary.
You cannot be teleported.
You are immune to unholy pain and torment.
Your maximum health is greatly increased.
Your equipment is partially melded.
Your life essence is reduced to manifest your ancestor. (-10% HP)
((You have a pair of horns on your head.))
You regenerate health from kills.
((You are completely covered in sharp spines.))


Message History

The lemure hits you but does no damage.
Pikel hits you with a +2 whip of electrocution.
You hit Pikel. You freeze Pikel. You headbutt Pikel.
Pikel is heavily wounded.
Pikel zaps a wand.
The mass of ice explodes!
The iceblast engulfs you.
The iceblast engulfs Pikel!
The iceblast engulfs Octavia!
Octavia partially resists.
The iceblast engulfs the lemure!
The lemure dies!
You catch the helpless Pikel completely off-guard!
You hit Pikel. You freeze Pikel.
Pikel is almost dead.
Pikel hits you with a +2 whip of electrocution.
You are electrocuted!
* * * LOW HITPOINT WARNING * * *
You swap places.
The lemure hits Octavia.
It was a potion of lignification.
You turn into a tree.
Your +1 cloak melds into your body.
Your +1 scale mail of poison resistance melds into your body.
You no longer feel resistant to poison.
Your roots penetrate the ground.
Octavia hits the lemure with a +0 quarterstaff!
Something hits Octavia.
The lemure hits Octavia.
Octavia casts a spell at Pikel.
The stone arrow hits the lemure!
The lemure hits Octavia but does no damage.
The lemure closely misses Octavia.
The lemure hits Octavia.
Octavia is destroyed!
The lemure shouts!
You hit Pikel but do no damage.
Pikel is almost dead.
Pikel hits you with a +2 whip of electrocution!
* * * LOW HITPOINT WARNING * * *
You are electrocuted!
* * * LOW HITPOINT WARNING * * *
You feel better.
Pikel hits you with a +2 whip of electrocution.
* * * LOW HITPOINT WARNING * * *
You are electrocuted!
You die...

########
###......####
#...........##
#.#...####...##
#...###..###♣.#
#..##.... ##K#
#......##....5#
#####.....####....#
..........## #....#
...........##.....#
.......##......##.#
####....###..## ..#
.# #......### .##


You could see Pikel and a lemure.

Vanquished Creatures
  Grinder (D:4)
  Eustachio (D:4)
  2 water moccasins
  An ice beast (D:6)
  A centaur (D:5)
  A phantom (D:4)
  A lemure (D:7)
  A bullfrog (D:6)
  2 scorpions
  An orc priest (D:7)
  2 jellies
  4 hounds
  Crazy Yiuf (D:2)
  An iguana (D:5)
  2 gnolls (D:3)
  5 adders
  A white imp (D:6)
  2 ufetubi
  7 worms
  5 dart slugs
  7 orcs
  2 bat zombies (D:5)
  7 endoplasms
  4 giant cockroaches
  8 goblins
  5 hobgoblins
  4 jackals (D:2)
  2 quokkas
  9 ball pythons
  7 bats
  6 frilled lizards
  16 kobolds
  6 rats
  2 rat zombies (D:5)
127 creatures vanquished.

Vanquished Creatures (collateral kills)
  A wyvern (D:7)
  2 steam dragons
  A sky beast (D:7)
  An orc warrior (D:7)
  2 kobold brigands (D:6)
  A phantom (D:7)
  A howler monkey (D:5)
  3 hounds
  A jelly (D:4)
  A sleepcap (D:6)
  2 iguanas (D:5)
  An orc wizard (D:7)
  3 adders (D:4)
  3 gnolls
  A shadow imp (D:6)
  A white imp (D:5)
  10 orcs
  An endoplasm (D:4)
  2 goblins (D:3)
  A frilled lizard (D:2)
  A kobold (D:2)
40 creatures vanquished.

Vanquished Creatures (others)
  A lemure (D:7)
  2 battlemagi
3 creatures vanquished.

Grand Total: 170 creatures vanquished

Notes
Turn   | Place    | Note
-------+----------+-------------------------------------------
     0 | D:1      | Danienth the Demonspawn Gladiator began the quest for the
                  | Orb.
     0 | D:1      | Reached XP level 1. HP: 16/16 MP: 1/1
    43 | D:1      | Gained mutation: You are partially covered in sharp spines.
                  | [demonic ancestry]
    43 | D:1      | Reached XP level 2. HP: 8/22 MP: 2/2
   510 | D:1      | Gained mutation: You have a pair of small horns on your
                  | head. [demonic ancestry]
   510 | D:1      | Reached XP level 3. HP: 28/28 MP: 3/3
   653 | D:1      | Found a faded altar of an unknown god.
   656 | D:1      | Prayed at the altar of an unknown god.
   656 | D:1      | Became a worshipper of Hepliaklqana the Forgotten
   656 | D:1      | Reached * piety under Hepliaklqana
   850 | D:2      | Reached skill level 1 in Short Blades
  1142 | D:2      | Reached skill level 3 in Fighting
  1142 | D:2      | Gained mutation: You regenerate a little health from kills.
                  | [demonic ancestry]
  1142 | D:2      | Reached XP level 4. HP: 31/31 MP: 4/4
  1385 | D:2      | Found a runed translucent door.
  1386 | D:2      | Noticed Crazy Yiuf
  1394 | D:2      | Killed Crazy Yiuf
  1628 | D:3      | Gained mutation: You regenerate health from kills. [demonic
                  | ancestry]
  1628 | D:3      | Reached XP level 5. HP: 36/36 MP: 5/5
  1711 | D:3      | Reached skill level 4 in Fighting
  1914 | D:3      | Gained mutation: You have a pair of horns on your head.
                  | [demonic ancestry]
  1914 | D:3      | Reached XP level 6. HP: 43/43 MP: 6/6
  2071 | D:4      | Found a shimmering altar of Xom.
  2102 | D:4      | Reached ** piety under Hepliaklqana
  2103 | D:4      | Remembered your ancestor Octavia as a battlemage
  2196 | D:4      | Noticed Eustachio
  2198 | D:4      | Found Cumojeppot's Armour Emporium.
  2208 | D:4      | Killed Eustachio
  2249 | D:4      | Found Juopeck's Gadget Gallery.
  2259 | D:4      | Reached skill level 5 in Fighting
  2259 | D:4      | Gained mutation: You are mostly covered in sharp spines.
                  | [demonic ancestry]
  2259 | D:4      | Reached XP level 7. HP: 40/50 MP: 7/7
  2551 | D:4      | Noticed Grinder
  2559 | D:4      | Paralysed by Grinder for 4 turns
  2583 | D:4      | Killed Grinder
  2935 | D:5      | Entered Level 5 of the Dungeon
  3018 | D:5      | Reached skill level 6 in Fighting
  3021 | D:5      | Gained mutation: You are completely covered in sharp
                  | spines. [demonic ancestry]
  3021 | D:5      | Reached XP level 8. HP: 57/57 MP: 8/8
  3058 | D:5      | Found a stormy altar of Qazlal.
  3161 | D:5      | Found an ancient bone altar of Kikubaaqudgha.
  3317 | D:5      | Found a staircase to the Ecumenical Temple.
  3326 | Temple   | Entered the Ecumenical Temple
  3383 | D:5      | Found Vothri Ytorgh's Magic Scroll Shoppe.
  3386 | D:5      | Bought a scroll of identify for 22 gold pieces
  3386 | D:5      | Bought a scroll of identify for 22 gold pieces
  3386 | D:5      | Bought a scroll of identify for 22 gold pieces
  3386 | D:5      | Bought a scroll of identify for 22 gold pieces
  3406 | D:5      | Found an iron altar of Okawaru.
  3631 | D:6      | Reached skill level 5 in Dodging
  3679 | D:6      | Reached *** piety under Hepliaklqana
  3854 | D:6      | Reached skill level 7 in Fighting
  4109 | D:6      | Reached skill level 5 in Throwing
  4267 | D:7      | Reached XP level 9. HP: 64/64 MP: 9/9
  4278 | D:7      | Reached skill level 1 in Armour
  4278 | D:7      | Reached skill level 1 in Stealth
  4278 | D:7      | Reached skill level 1 in Spellcasting
  4279 | D:7      | Found Daisi's Weapon Shop.
  4394 | D:7      | Noticed Pikel
  4406 | D:7      | HP: 4/97 [Pikel/+2 whip of electrocution (15)]
  4407 | D:7      | Mangled by Pikel

Illustrated notes

Levels and vault maps discovered:
D:1:      ncdulo_lavacross, layout_loops_cross,
          shapermc_ecumenical_altar_mp_ritualfount, hangedman_decor_lopped,
          minmay_cut_off
D:2:      layout_basic, uniq_crazy_yiuf_cottage
D:3:      layout_rooms, tso_metal_star
D:4:      layout_loops_cross, mainiacjoe_overflow_boulevard, serial_shops, shop,
          nicolae_shop_gadgets, uniq_eustachio, uniq_grinder
D:5:      layout_cave_pools, overflow_temple_1_default,
          okawaru_altar_gauntlet_db, lemuel_zombie_altar_kikubaaqudgha,
          minmay_temple_entry_antechambers, serial_shops, kennysheep_mini,
          grunt_ministairs_7
D:6:      layout_loops_ring
D:7:      layout_basic, nicolae_elyvilon_peaceful_grove, serial_shops,
          nicolae_shop_bloodbath_and_beyond, minmay_misc_feat_iff, uniq_pikel
Temple:   nicolae_temple_no_exploring_needed

Skill      XL: |  1  2  3  4  5  6  7  8  9 |
---------------+----------------------------+-----
Throwing       | 2 3 4 5 |  5.2
Dodging        | 3 4 5 |  5.7
Short Blades   | 1 2 3 4 |  4.4
Fighting       | 3 4 5 6 7 |  7.7
Long Blades    | 3 |  3.8
Armour         | 1 |  1.5
Stealth        | 1 |  1.6
Spellcasting   | 1 |  1.4

Action                     |  1- 3 |  4- 6 |  7- 9 || total
---------------------------+-------+-------+-------++-------
  Melee: Long sword        |    17 |       |       ||    17
         Short sword       |    41 |       |       ||    41
         Punch             |     2 |     1 |     2 ||     5
         Dagger            |    17 |   105 |    81 ||   203
         Headbutt          |    11 |    28 |    25 ||    64
         Falchion          |       |       |    34 ||    34
 Invoke: Ancestor Life: Ba |       |     1 |       ||     1
         Ancestor Identity |       |     1 |       ||     1
    Use: Scroll            |       |     2 |       ||     2
         Potion            |       |       |     8 ||     8
   Stab: Sleeping          |     1 |       |       ||     1
         Distracted        |       |       |     2 ||     2
 Armour: Leather armour    |    23 |     2 |       ||    25
         Scale mail        |       |    16 |    44 ||    60
  Dodge: Dodged            |    67 |    31 |    52 ||   150

Table legend: (Time is in decaauts)
 A = Elapsed time spent in this place.
 B = Non-inter-level travel time spent in this place.
 C = Inter-level travel time spent in this place.
 D = Time resting spent in this place.
 E = Time spent auto-exploring this place.
 F = Levels seen in this place.
 G = Mean time per level.
                   A        B        C        D        E       F      G
               +--------+--------+--------+--------+--------+-----+--------+
         Total |   4390 |   3891 |    499 |    275 |   2829 |   8 |  548.8 |
       Dungeon |   4375 |   3888 |    487 |    275 |   2829 |   7 |  625.0 |
        Temple |     14 |      2 |     12 |      0 |      0 |   1 |   14.0 |
               +--------+--------+--------+--------+--------+-----+--------+

Top non-repeatable levels by time:
     D:4: 863 daAuts
     D:1: 806 daAuts
     D:2: 773 daAuts
     D:6: 647 daAuts
     D:5: 591 daAuts
     D:3: 486 daAuts
     D:7: 205 daAuts
  Temple: 14 daAuts
